[Event "72nd RUS-ch Higher League 2019"]
[Site "Yaroslavl"]
[Date "2019.07.05"]
[Round "8.28"]
[White "Bimiev, Ahmad"]
[Black "Bykov, Oleg"]
[Result "1-0"]
[ECO "A20"]
[WhiteElo "2238"]
[BlackElo "2401"]
[Annotator "NA"]
[PlyCount "202"]
[EventDate "2019.06.27"]
[EventType "swiss"]
[EventCountry "RUS"]
[SourceTitle "playchess.com"]
[Source "ChessBase"]
[SourceQuality "1"]
[TimeControl "40/5400+30:1800+30"]

1. c4 e5 2. g3 Nf6 3. Bg2 d5 4. cxd5 Nxd5 5. Nc3 Nb6 6. Nf3 Nc6 7. O-O Be7 8. d3 O-O 9. a3 Re8 10. Be3 Bf8 11. Rc1 Nd4 12. b4 c6 13. Ne4 Bg4 14. Bxd4 exd4 15. Nc5 Bc8 16. Nb3 a5 17. bxa5 Nd5 18. Nfxd4 Bxa3 19. Rc4 Qe7 20. e4 Nc7 21. Qc2 Bb4 22. Ra1 g6 23. Ra4 Na6 24. Qb1 c5 25. Ne2 Nc7 26. Ra1 Be6 27. Rc2 Nb5 28. Qb2 Red8 29. Nxc5 Bxc5 30. Qxb5 Bxf2+ 31. Kh1 Qd7 32. Qxd7 Rxd7 33. Nf4 Bb6 34. Nxe6 fxe6 35. Bh3 Rd6 36. e5 Rxd3 37. Bxe6+ Kg7 38. Rb2 Rxa5 39. Rxa5 Bxa5 40. Rxb7+ Kf8 41. Rf7+ Ke8 42. Rxh7 Re3 43. Bf7+ Kf8 44. Bxg6 Rxe5 45. Kg2 Re7 46. Rh5 Bc7 47. Bd3 Kg8 48. Rf5 Bd6 49. Rf3 Kg7 50. h4 Bc5 51. Rf5 Bd4 52. Rd5 Bf6 53. Kf3 Re5 54. Rd6 Be7 55. Rd7 Kf8 56. Be4 Ba3 57. g4 Bc1 58. Rd1 Rc5 59. Bd5 Kg7 60. g5 Rc2 61. Be4 Rc4 62. Rd7+ Kh8 63. g6 Rc5 64. g7+ Kg8 65. Bd5+ Rxd5 66. Rxd5 Kxg7 67. Kg4 Be3 68. Kh5 Bc1 69. Rd1 Be3 70. Rd6 Bc1 71. Rg6+ Kf7 72. Rg2 Kf6 73. Rc2 Be3 74. Rc6+ Kg7 75. Rc2 Kf6 76. Kg4 Kg6 77. Kf3 Bh6 78. Ke4 Kh5 79. Kf5 Be3 80. Re2 Bc1 81. Rc2 Be3 82. Rc4 Bf2 83. Re4 Bc5 84. Kf4 Ba3 85. Rc4 Bd6+ 86. Kf5 Ba3 87. Rc8 Kh6 88. Rc3 Bb4 89. Rd3 Bc5 90. h5 Bb4 91. Rd1 Bc5 92. Re1 Bb4 93. Re2 Ba3 94. Re6+ Kh7 95. Rc6 Bb4 96. Rc2 Kh6 97. Ra2 Bc5 98. Kf4 Bb4 99. Kg4 Bc3 100. Ra6+ Kh7 101. h6 Bd2 1-0

[Event "72nd RUS-ch Higher League 2019"]
[Site "Yaroslavl"]
[Date "2019.07.05"]
[Round "8.29"]
[White "Lesovoi, Evgenij"]
[Black "Drygalov, Sergey"]
[Result "0-1"]
[ECO "A17"]
[WhiteElo "2366"]
[BlackElo "2492"]
[Annotator "ChessBase"]
[PlyCount "98"]
[EventDate "2019.06.27"]
[EventType "swiss"]
[EventCountry "RUS"]
[SourceTitle "playchess.com"]
[Source "ChessBase"]
[SourceQuality "1"]
[TimeControl "40/5400+30:1800+30"]

1. Nf3 Nf6 2. c4 e6 3. Nc3 Bb4 4. g3 O-O 5. a3 Bxc3 6. bxc3 Nc6 7. Bg2 e5 8. O-O d6 9. d3 e4 10. Nd4 exd3 11. exd3 Bd7 12. h3 Rb8 13. Be3 Ne7 14. Rb1 c5 15. Nb5 Nc8 16. a4 Bc6 17. d4 Bxg2 18. Kxg2 a6 19. Na3 Nd7 20. Qf3 Qc7 21. Rb3 Ne7 22. Nb1 cxd4 23. cxd4 Qxc4 24. Rxb7 Rxb7 25. Qxb7 Rd8 26. Rc1 Qxa4 27. Qe4 Re8 28. Bg5 Nc5 29. Qg4 Nd3 30. Rc7 Ne1+ 31. Kh2 f5 32. Qh5 g6 33. Qe2 Nd5 34. Rc8 Kf7 35. Rxe8 Qxe8 36. Be3 Ng2 37. Kxg2 Qe4+ 38. Kh2 Qxb1 39. Qc4 Qb5 40. Qa2 a5 41. Bd2 a4 42. Bc1 Qb3 43. Qe2 a3 44. Qa6 a2 45. Qa7+ Ke6 46. Qa8 Kd7 47. Bg5 Nc7 48. Qd8+ Kc6 49. d5+ Qxd5 0-1

[Event "72nd RUS-ch Higher League 2019"]
[Site "Yaroslavl"]
[Date "2019.07.06"]
[Round "9.3"]
[White "Alekseenko, Kirill"]
[Black "Sjugirov, Sanan"]
[Result "1/2-1/2"]
[ECO "B90"]
[WhiteElo "2650"]
[BlackElo "2667"]
[Annotator "RC"]
[PlyCount "111"]
[EventDate "2019.06.27"]
[EventType "swiss"]
[EventCountry "RUS"]
[SourceTitle "playchess.com"]
[Source "ChessBase"]
[SourceQuality "1"]
[TimeControl "40/5400+30:1800+30"]

1. e4 c5 2. Nf3 d6 3. d4 cxd4 4. Nxd4 Nf6 5. Nc3 a6 6. Nb3 e6 7. g4 b5 8. a3 Bb7 9. Bg2 Be7 10. g5 Nfd7 11. f4 Nc6 12. h4 Nb6 13. f5 exf5 14. exf5 Qc8 15. O-O Ne5 16. Ne4 h6 17. g6 fxg6 18. Nxd6+ Bxd6 19. Qxd6 Nbc4 20. Bxb7 Qxb7 21. Qe6+ Qe7 22. Nc5 gxf5 23. Bf4 Qxe6 24. Nxe6 Kf7 25. Nd4 Ng4 26. b3 Nce3 27. Bxe3 Nxe3 28. Rf3 Rhe8 29. Re1 Ng4 30. Rxf5+ Nf6 31. Rxe8 Rxe8 32. Rc5 Re4 33. Nf3 Rg4+ 34. Kf1 Ke6 35. Rc6+ Kf5 36. Rxa6 Kf4 37. Ne1 Kg3 38. Rb6 Nd5 39. Rb7 g6 40. a4 Rxh4 41. axb5 Nf4 42. Kg1 Ne2+ 43. Kf1 Nd4 44. Kg1 Ne2+ 45. Kf1 Nc1 46. Kg1 Re4 47. Ng2 Re2 48. Rc7 Rxg2+ 49. Kf1 Rf2+ 50. Ke1 Rf5 51. b6 Rb5 52. b7 h5 53. Kd2 Nxb3+ 54. cxb3 h4 55. Rg7 Rxb3 56. Rxg6+ 1/2-1/2

[Event "72nd RUS-ch Higher League 2019"]
[Site "Yaroslavl"]
[Date "2019.07.06"]
[Round "9.5"]
[White "Grachev, Boris"]
[Black "Sakaev, Konstantin"]
[Result "1/2-1/2"]
[ECO "D02"]
[WhiteElo "2621"]
[BlackElo "2584"]
[Annotator "RC"]
[PlyCount "77"]
[EventDate "2019.06.27"]
[EventType "swiss"]
[EventCountry "RUS"]
[SourceTitle "playchess.com"]
[Source "ChessBase"]
[SourceQuality "1"]
[TimeControl "40/5400+30:1800+30"]

1. Nf3 d5 2. d4 Nf6 3. c4 e6 4. e3 b6 5. b3 Bb7 6. Bb2 Bd6 7. Nbd2 O-O 8. Be2 Nbd7 9. O-O Ne4 10. Nxe4 dxe4 11. Ne5 Bxe5 12. dxe5 Qe7 13. f4 exf3 14. Bxf3 Bxf3 15. Qxf3 Rad8 16. Rad1 Rfe8 17. Ba3 Nc5 18. Rd4 a5 19. Qh5 Rd7 20. Rfd1 Rdd8 21. Qf3 h6 22. h3 a4 23. Bxc5 bxc5 24. Rxd8 Rxd8 25. Rxd8+ Qxd8 26. bxa4 Qd2 27. Kh2 g6 28. Qa8+ Kg7 29. a5 Qxe3 30. Qf3 Qxe5+ 31. Qg3 Qe2 32. Qc3+ Kg8 33. a3 Qe4 34. a6 Qc6 35. Qa5 Qd6+ 36. Kh1 Qd1+ 37. Kh2 Qd6+ 38. Kh1 Qd1+ 39. Kh2 1/2-1/2

[Event "72nd RUS-ch Higher League 2019"]
[Site "Yaroslavl"]
[Date "2019.07.06"]
[Round "9.6"]
[White "Esipenko, Andrey"]
[Black "Pridorozhni, Aleksei"]
[Result "1/2-1/2"]
[ECO "D78"]
[WhiteElo "2611"]
[BlackElo "2588"]
[Annotator "RC"]
[PlyCount "115"]
[EventDate "2019.06.27"]
[EventType "swiss"]
[EventCountry "RUS"]
[SourceTitle "playchess.com"]
[Source "ChessBase"]
[SourceQuality "1"]
[TimeControl "40/5400+30:1800+30"]

1. d4 Nf6 2. Nf3 g6 3. g3 Bg7 4. Bg2 O-O 5. O-O d5 6. c4 c6 7. Qb3 Qb6 8. Nc3 dxc4 9. Qxc4 Be6 10. Qa4 Qa6 11. Qc2 Nd5 12. Bg5 Re8 13. Rfe1 Nxc3 14. bxc3 c5 15. Qe4 h6 16. Bf4 Nd7 17. Ne5 Nxe5 18. Bxe5 Bxe5 19. Qxe5 cxd4 20. cxd4 Bc4 21. e3 Rab8 22. a4 Qd6 23. Qe4 e6 24. Qc2 Rec8 25. Rec1 Qd7 26. Qd2 b5 27. axb5 Bxb5 28. e4 Rxc1+ 29. Rxc1 Rd8 30. d5 exd5 31. exd5 h5 32. Qf4 Rc8 33. Ra1 Rd8 34. h4 a6 35. Rc1 Qd6 36. Rc8 Kg7 37. Qd4+ Kg8 38. Rxd8+ Qxd8 39. d6 Bd7 40. Bd5 a5 41. Qf4 Qe8 42. Qf6 Bf5 43. Kh2 Qd7 44. Qd4 a4 45. Qc5 Qd8 46. Qb4 Bd7 47. Qf4 Bf5 48. Qd4 Bd7 49. Qe5 Bf5 50. Kg1 a3 51. Ba2 Qc8 52. Qe3 Qa8 53. Kh2 Bh3 54. f3 Bd7 55. Qg5 Qxf3 56. Qxg6+ Kf8 57. Qh6+ Kg8 58. Qg6+ 1/2-1/2

[Event "72nd RUS-ch Higher League 2019"]
[Site "Yaroslavl"]
[Date "2019.07.06"]
[Round "9.8"]
[White "Romanov, Evgeny"]
[Black "Ponkratov, Pavel"]
[Result "0-1"]
[ECO "A46"]
[WhiteElo "2577"]
[BlackElo "2649"]
[Annotator "RC"]
[PlyCount "66"]
[EventDate "2019.06.27"]
[EventType "swiss"]
[EventCountry "RUS"]
[SourceTitle "playchess.com"]
[Source "ChessBase"]
[SourceQuality "1"]
[TimeControl "40/5400+30:1800+30"]

1. d4 e6 2. Nf3 Nf6 3. Bg5 c5 4. e3 h6 5. Bh4 Nc6 6. c3 g5 7. Bg3 Ne4 8. d5 exd5 9. Qxd5 Nf6 10. Qb3 d5 11. Bb5 Bg7 12. Ne5 Qb6 13. Nxc6 bxc6 14. Ba4 Qa6 15. Nd2 O-O 16. c4 Be6 17. Be5 Rfd8 18. Qc2 dxc4 19. b3 Rd5 20. Bb2 Rad8 21. O-O-O cxb3 22. axb3 Bf5 23. Qc4 Qc8 24. Bxf6 Bxf6 25. e4 Rd3 26. Nb1 R8d4 27. Qxc5 Bxe4 28. Rxd3 Rxd3 29. f3 Rd5 30. Qc4 Bg6 31. Nc3 Qf5 32. Ne4 Qf4+ 33. Kb1 Qe5 0-1

[Event "72nd RUS-ch Higher League 2019"]
[Site "Yaroslavl"]
[Date "2019.07.06"]
[Round "9.11"]
[White "Salemgareev, Tagir"]
[Black "Khismatullin, Denis"]
[Result "1-0"]
[ECO "E10"]
[WhiteElo "2412"]
[BlackElo "2618"]
[Annotator "RC"]
[PlyCount "97"]
[EventDate "2019.06.27"]
[EventType "swiss"]
[EventCountry "RUS"]
[SourceTitle "playchess.com"]
[Source "ChessBase"]
[SourceQuality "1"]
[TimeControl "40/5400+30:1800+30"]

1. d4 Nf6 2. c4 e6 3. Nf3 d5 4. g3 Bb4+ 5. Bd2 Bd6 6. Bg2 O-O 7. O-O c6 8. Nc3 dxc4 9. e4 Be7 10. Qc2 Na6 11. e5 Nb4 12. Qc1 Nfd5 13. Ne4 b5 14. Bg5 Nd3 15. Bxe7 Qxe7 16. Qc2 c5 17. dxc5 Ba6 18. a3 Nxc5 19. Nxc5 Qxc5 20. Ng5 g6 21. Qe4 Kg7 22. Qg4 Rad8 23. Rad1 Qe7 24. Bxd5 Rxd5 25. Rxd5 exd5 26. Nf3 d4 27. Qxd4 Rd8 28. Qf4 Rd5 29. Re1 Bc8 30. Nd4 Bh3 31. g4 Qd8 32. Re4 Qh4 33. e6 Qe7 34. exf7 Qxf7 35. Qe3 Qf6 36. Ne6+ Kg8 37. Qxh3 Rd3 38. Qf1 Qxb2 39. Re1 Qd2 40. Nc5 Rd4 41. Ne4 Qf4 42. Qe2 a5 43. h3 b4 44. axb4 axb4 45. Ng5 Rd2 46. Qe6+ Kg7 47. Qe7+ Kh6 48. Nf7+ Kg7 49. Nd6+ 1-0

[Event "72nd RUS-ch Higher League 2019"]
[Site "Yaroslavl"]
[Date "2019.07.06"]
[Round "9.12"]
[White "Rozum, Ivan"]
[Black "Petrov, Nikita"]
[Result "1/2-1/2"]
[ECO "D11"]
[WhiteElo "2572"]
[BlackElo "2610"]
[Annotator "RC"]
[PlyCount "61"]
[EventDate "2019.06.27"]
[EventType "swiss"]
[EventCountry "RUS"]
[SourceTitle "playchess.com"]
[Source "ChessBase"]
[SourceQuality "1"]
[TimeControl "40/5400+30:1800+30"]

1. Nf3 d5 2. d4 Nf6 3. c4 c6 4. e3 Bg4 5. h3 Bh5 6. Nbd2 Nbd7 7. Bd3 e6 8. b3 Bd6 9. Bb2 Qe7 10. Qc2 Ba3 11. Bc3 Bb4 12. Bxb4 Qxb4 13. O-O O-O 14. Ne5 Bg6 15. Bxg6 hxg6 16. Ndf3 Qe7 17. Nd3 dxc4 18. Qxc4 a5 19. a3 Qd6 20. Rfc1 Rfc8 21. Qc2 b6 22. b4 Nd5 23. Qb2 Qf8 24. Nd2 c5 25. bxc5 bxc5 26. Qb5 cxd4 27. Qxd7 Rd8 28. Qb7 Rdb8 29. Qd7 Rd8 30. Qb7 Rdb8 31. Qd7 1/2-1/2

[Event "72nd RUS-ch Higher League 2019"]
[Site "Yaroslavl"]
[Date "2019.07.06"]
[Round "9.14"]
[White "Lysyj, Igor"]
[Black "Airapetian, Gor"]
[Result "1-0"]
[ECO "E04"]
[WhiteElo "2623"]
[BlackElo "2442"]
[Annotator "RC"]
[PlyCount "79"]
[EventDate "2019.06.27"]
[EventType "swiss"]
[EventCountry "RUS"]
[SourceTitle "playchess.com"]
[Source "ChessBase"]
[SourceQuality "1"]
[TimeControl "40/5400+30:1800+30"]

1. d4 d5 2. c4 e6 3. Nf3 Nf6 4. g3 dxc4 5. Bg2 Bb4+ 6. Bd2 a5 7. Qc2 Bxd2+ 8. Qxd2 b5 9. Qg5 O-O 10. Qxb5 Qd5 11. Nc3 Qxb5 12. Nxb5 Nbd7 13. Na3 Rb8 14. Nxc4 Ba6 15. Nfd2 Rb4 16. Nxa5 Rxb2 17. Nab3 c5 18. dxc5 Rc8 19. c6 Ne5 20. Kd1 Nxc6 21. Kc1 Rxa2 22. Rxa2 Nb4+ 23. Kb1 Nxa2 24. Kxa2 Bxe2 25. Rc1 Rd8 26. h3 h5 27. Kb2 Bd3 28. Rc5 g6 29. Kc1 Rb8 30. Kd1 Kg7 31. Rc3 Bb5 32. Ke1 Rb6 33. Nc5 Be8 34. Rb3 Rd6 35. Rb7 Kf8 36. Nc4 Rd8 37. Ne5 Rc8 38. Ncd3 Ng8 39. Kd2 f6 40. Nf4 1-0

[Event "72nd RUS-ch Higher League 2019"]
[Site "Yaroslavl"]
[Date "2019.07.06"]
[Round "9.15"]
[White "Timofeev, Artyom"]
[Black "Kardashevskiy, Evgeny"]
[Result "1/2-1/2"]
[ECO "D53"]
[WhiteElo "2608"]
[BlackElo "2429"]
[Annotator "RC"]
[PlyCount "151"]
[EventDate "2019.06.27"]
[EventType "swiss"]
[EventCountry "RUS"]
[SourceTitle "playchess.com"]
[Source "ChessBase"]
[SourceQuality "1"]
[TimeControl "40/5400+30:1800+30"]

1. c4 e6 2. Nc3 d5 3. d4 Nf6 4. Bg5 Be7 5. e3 h6 6. Bxf6 Bxf6 7. Qf3 c6 8. O-O-O Nd7 9. e4 dxe4 10. Qxe4 O-O 11. h4 c5 12. Bd3 Re8 13. Qh7+ Kf8 14. d5 Bxc3 15. bxc3 Qf6 16. Ne2 exd5 17. Rhe1 Ne5 18. Bc2 dxc4 19. Ng3 Nd3+ 20. Bxd3 Rxe1 21. Qh8+ Ke7 22. Rxe1+ Be6 23. Rxe6+ fxe6 24. Qxa8 Qxc3+ 25. Bc2 Qe1+ 26. Bd1 Qc3+ 27. Kb1 Qb4+ 28. Kc2 c3 29. Ne2 Qb2+ 30. Kd3 c4+ 31. Kxc4 c2 32. Bxc2 Qxc2+ 33. Nc3 b5+ 34. Kxb5 Qxc3 35. Qxa7+ Kf6 36. a4 Qb3+ 37. Kc6 Qc4+ 38. Kd7 Qd5+ 39. Ke8 Kg6 40. g3 Kh7 41. a5 e5 42. Qb6 e4 43. a6 Qe5+ 44. Kd8 Qd5+ 45. Ke7 Qe5+ 46. Kd7 Qd5+ 47. Qd6 Qf7+ 48. Qe7 Qxf2 49. Qxe4+ Kh8 50. Qc6 Kh7 51. h5 Qf7+ 52. Kd8 Qf8+ 53. Kd7 Qf7+ 54. Kc8 Qf8+ 55. Kb7 Qe7+ 56. Qc7 Qb4+ 57. Kc8 Qf8+ 58. Kb7 Qb4+ 59. Ka8 Qe4+ 60. Kb8 Qb4+ 61. Kc8 Qf8+ 62. Qd8 Qc5+ 63. Kb7 Qb5+ 64. Qb6 Qd7+ 65. Qc7 Qd5+ 66. Qc6 Qf7+ 67. Kb6 Qb3+ 68. Qb5 Qe6+ 69. Ka5 Qa2+ 70. Kb6 Qe6+ 71. Kc7 Qe7+ 72. Qd7 Qc5+ 73. Kb7 Qb4+ 74. Kc8 Qf8+ 75. Qd8 Qc5+ 76. Qc7 1/2-1/2

[Event "72nd RUS-ch Higher League 2019"]
[Site "Yaroslavl"]
[Date "2019.07.06"]
[Round "9.16"]
[White "Frolyanov, Dmitry"]
[Black "Bocharov, Ivan"]
[Result "1-0"]
[ECO "B94"]
[WhiteElo "2538"]
[BlackElo "2559"]
[Annotator "ChessBase"]
[PlyCount "125"]
[EventDate "2019.06.27"]
[EventType "swiss"]
[EventCountry "RUS"]
[SourceTitle "playchess.com"]
[Source "ChessBase"]
[SourceQuality "1"]
[TimeControl "40/5400+30:1800+30"]

1. e4 c5 2. Nf3 d6 3. d4 cxd4 4. Nxd4 Nf6 5. Nc3 a6 6. Bg5 Nbd7 7. Qe2 h6 8. Bh4 g6 9. f4 e5 10. fxe5 dxe5 11. O-O-O Qc7 12. Nb3 b5 13. Kb1 Bb7 14. Nd5 Nxd5 15. exd5 Bd6 16. Qd2 g5 17. Be1 Nb6 18. h4 Rg8 19. hxg5 hxg5 20. Qf2 Nxd5 21. Rh7 Nf4 22. Ba5 Qe7 23. Qb6 Nd5 24. Qf2 Bc7 25. Be2 Nf4 26. Bg4 Rd8 27. Rxd8+ Qxd8 28. Nc5 Bxa5 29. Nxb7 Qb6 30. Qxb6 Bxb6 31. Nd6+ Ke7 32. Nxf7 Kf6 33. Nd6 Rf8 34. Rb7 Bg1 35. g3 Nd5 36. Bf3 Ne3 37. Be2 Nd5 38. a3 Ke6 39. Ne4 Nf6 40. Nxg5+ Kf5 41. Rg7 Rh8 42. Bd3+ e4 43. Nxe4 Nxe4 44. Re7 Kg4 45. Bxe4 Kxg3 46. Rg7+ Kf2 47. Rg2+ Kf1 48. Rg6 Rb8 49. Bd3+ Kf2 50. Rxa6 b4 51. axb4 Rxb4 52. c3 Rb8 53. Kc2 Ke3 54. Re6+ Kf4 55. b4 Be3 56. Kb3 Bd2 57. Ba6 Kf3 58. Rd6 Be1 59. Rd7 Kf4 60. Rf7+ Ke3 61. Re7+ Kd2 62. c4 Bh4 63. Rd7+ {[%emt 0:00:16] Rc8} 1-0

[Event "72nd RUS-ch Higher League 2019"]
[Site "Yaroslavl"]
[Date "2019.07.06"]
[Round "9.17"]
[White "Drygalov, Andrey"]
[Black "Lomasov, Semyon"]
[Result "0-1"]
[ECO "E10"]
[WhiteElo "2494"]
[BlackElo "2542"]
[Annotator "ChessBase"]
[PlyCount "82"]
[EventDate "2019.06.27"]
[EventType "swiss"]
[EventCountry "RUS"]
[SourceTitle "playchess.com"]
[Source "ChessBase"]
[SourceQuality "1"]
[TimeControl "40/5400+30:1800+30"]

1. d4 Nf6 2. c4 e6 3. Nf3 c5 4. d5 b5 5. dxe6 fxe6 6. cxb5 a6 7. bxa6 Bxa6 8. g3 Nc6 9. Bg2 Be7 10. O-O O-O 11. Re1 d5 12. Bf4 Qb6 13. Qb3 Qxb3 14. axb3 Nb4 15. Na3 Nd7 16. Bh3 Kf7 17. Rac1 Rg8 18. Ng5+ Bxg5 19. Bxg5 h6 20. Be3 Rgc8 21. Nc2 Rab8 22. Na1 Ke7 23. Bf1 d4 24. Bd2 e5 25. f3 Kd6 26. Red1 Nf6 27. Kf2 Nfd5 28. e4 Bxf1 29. Kxf1 Ne7 30. Bxb4 Rxb4 31. Rc4 Nc6 32. Rdc1 Rb5 33. Ra4 g5 34. Ke2 Nb4 35. Kd2 d3 36. Rxb4 Rxb4 37. Kxd3 Ra8 38. Kc3 Rf8 39. Rf1 g4 40. Nc2 Rxf3+ 41. Rxf3 gxf3 0-1

[Event "72nd RUS-ch Higher League 2019"]
[Site "Yaroslavl"]
[Date "2019.07.06"]
[Round "9.18"]
[White "Nesterov, Arseniy"]
[Black "Triapishko, Alexandr"]
[Result "1/2-1/2"]
[ECO "D70"]
[WhiteElo "2423"]
[BlackElo "2512"]
[Annotator "ChessBase"]
[PlyCount "62"]
[EventDate "2019.06.27"]
[EventType "swiss"]
[EventCountry "RUS"]
[SourceTitle "playchess.com"]
[Source "ChessBase"]
[SourceQuality "1"]
[TimeControl "40/5400+30:1800+30"]

1. d4 Nf6 2. c4 g6 3. f3 d5 4. cxd5 Nxd5 5. e4 Nb6 6. Nc3 Bg7 7. Be3 O-O 8. Qd2 Nc6 9. O-O-O Qd6 10. Kb1 Rd8 11. Nb5 Qd7 12. d5 a6 13. Nc3 Na5 14. Qc1 Qe8 15. h4 e6 16. Bg5 Rd6 17. Bf4 exd5 18. Bxd6 cxd6 19. Nxd5 Nxd5 20. Rxd5 b5 21. Rxd6 Be6 22. Nh3 Rc8 23. Qd2 b4 24. Qxb4 Rb8 25. Rb6 Bxa2+ 26. Kxa2 Rxb6 27. Qxb6 Qa4+ 28. Kb1 Qd1+ 29. Ka2 Qa4+ 30. Kb1 Qd1+ 31. Ka2 Qa4+ 1/2-1/2

[Event "72nd RUS-ch Higher League 2019"]
[Site "Yaroslavl"]
[Date "2019.07.06"]
[Round "9.19"]
[White "Murzin, Volodar"]
[Black "Yanchenko, Roman"]
[Result "1-0"]
[ECO "C16"]
[WhiteElo "2418"]
[BlackElo "2478"]
[Annotator "ChessBase"]
[PlyCount "141"]
[EventDate "2019.06.27"]
[EventType "swiss"]
[EventCountry "RUS"]
[SourceTitle "playchess.com"]
[Source "ChessBase"]
[SourceQuality "1"]
[TimeControl "40/5400+30:1800+30"]

1. e4 e6 2. d4 d5 3. Nc3 Bb4 4. e5 Ne7 5. a3 Bxc3+ 6. bxc3 b6 7. Qg4 Kf8 8. Nh3 Ba6 9. Bxa6 Nxa6 10. Nf4 Nf5 11. Qf3 c5 12. Nxe6+ fxe6 13. g4 Qd7 14. gxf5 exf5 15. Be3 cxd4 16. Bxd4 Qe6 17. c4 Rd8 18. O-O-O Kf7 19. cxd5 Rxd5 20. Bxb6 Rxd1+ 21. Rxd1 Rc8 22. Rd6 Qc4 23. Qxf5+ Kg8 24. Bd4 g6 25. Qe6+ Qxe6 26. Rxe6 Nc5 27. Rd6 Kf7 28. Bxc5 Rxc5 29. Rd7+ Ke6 30. Rxa7 Rxe5 31. Rxh7 Rf5 32. a4 Rxf2 33. a5 Rf5 34. a6 Ra5 35. a7 Kd5 36. Kd2 Kd4 37. c3+ Kc4 38. Rc7+ Kd5 39. Kd3 Ra3 40. Kc2 Kd6 41. Kb2 Ra5 42. Rg7 Kc5 43. Kb3 Ra6 44. h4 Ra1 45. Kc2 Ra4 46. Kd3 Kd5 47. Rxg6 Rxa7 48. h5 Ra1 49. Rg5+ Kd6 50. Kd4 Rd1+ 51. Kc4 Rh1 52. Rg6+ Kc7 53. h6 Rh5 54. Kb4 Kb7 55. c4 Kc7 56. c5 Rh1 57. Kc4 Rd1 58. Rd6 Rh1 59. Ra6 Rd1 60. Kc3 Rh1 61. Kd4 Rh5 62. Rg6 Kd7 63. Kc4 Rh1 64. c6+ Kc7 65. Kd5 Rh5+ 66. Ke6 Kxc6 67. Kf7+ Kd7 68. Kg7 Re5 69. h7 Re7+ 70. Kh6 Re8 71. Rg7+ 1-0

[Event "72nd RUS-ch Higher League 2019"]
[Site "Yaroslavl"]
[Date "2019.07.06"]
[Round "9.21"]
[White "Khanin, Semen"]
[Black "Galaktionov, Artem"]
[Result "1-0"]
[ECO "B12"]
[WhiteElo "2529"]
[BlackElo "2371"]
[Annotator "ChessBase"]
[PlyCount "98"]
[EventDate "2019.06.27"]
[EventType "swiss"]
[EventCountry "RUS"]
[SourceTitle "playchess.com"]
[Source "ChessBase"]
[SourceQuality "1"]
[TimeControl "40/5400+30:1800+30"]

1. e4 c6 2. d4 d5 3. e5 Bf5 4. Nf3 e6 5. Be2 Ne7 6. O-O c5 7. c4 Nbc6 8. Na3 a6 9. Be3 cxd4 10. Nxd4 Nxd4 11. Qxd4 Nc6 12. Qf4 d4 13. Rfd1 Bxa3 14. bxa3 Qa5 15. Bxd4 O-O-O 16. Bf3 Nxd4 17. Rxd4 g5 18. Rxd8+ Rxd8 19. Qxg5 Qxe5 20. Rc1 Qb2 21. h3 Qd2 22. Qxd2 Rxd2 23. Rc3 Kc7 24. c5 e5 25. Re3 f6 26. g4 Bg6 27. Bg2 Rc2 28. g5 Rxc5 29. gxf6 Kd6 30. Bxb7 a5 31. Rb3 Bf7 32. Rb6+ Kc7 33. Rb2 Kd6 34. Be4 h6 35. Rb6+ Kd7 36. Rb7+ Ke6 37. Rb6+ Kd7 38. Ra6 Be6 39. Ra7+ Kd6 40. Ra6+ Kd7 41. Kh2 Rc8 42. Rxa5 Rf8 43. Ra7+ Kd6 44. Ra6+ Kd7 45. Bf3 Bxa2 46. Bh5 Bc4 47. Ra7+ Ke6 48. f7 Kf6 49. h4 Rc8 1-0

[Event "72nd RUS-ch Higher League 2019"]
[Site "Yaroslavl"]
[Date "2019.07.06"]
[Round "9.22"]
[White "Levin, Evgeny A."]
[Black "Rychkov, Oleg"]
[Result "1/2-1/2"]
[ECO "D31"]
[WhiteElo "2504"]
[BlackElo "2409"]
[Annotator "ChessBase"]
[PlyCount "61"]
[EventDate "2019.06.27"]
[EventType "swiss"]
[EventCountry "RUS"]
[SourceTitle "playchess.com"]
[Source "ChessBase"]
[SourceQuality "1"]
[TimeControl "40/5400+30:1800+30"]

1. d4 d5 2. c4 e6 3. Nc3 a6 4. cxd5 exd5 5. Qb3 Nf6 6. Bg5 c6 7. e4 Be7 8. e5 Nfd7 9. Bxe7 Qxe7 10. f4 f6 11. Nf3 fxe5 12. fxe5 O-O 13. O-O-O Rf7 14. h4 h6 15. Bd3 Nf8 16. Ne2 a5 17. Rhf1 a4 18. Qa3 Qxa3 19. bxa3 Bf5 20. Bxf5 Rxf5 21. g4 Rf7 22. Ng3 Nbd7 23. Nf5 Ne6 24. h5 Nb6 25. N3h4 Nc4 26. Ng6 Re8 27. Rde1 Ng5 28. Nf4 Ne6 29. Ng6 Ng5 30. Nf4 Ne6 31. Ng6 1/2-1/2

[Event "72nd RUS-ch Higher League 2019"]
[Site "Yaroslavl"]
[Date "2019.07.06"]
[Round "9.23"]
[White "Sadovsky, Artem"]
[Black "Nozdrachev, Vladislav"]
[Result "0-1"]
[ECO "A14"]
[WhiteElo "2416"]
[BlackElo "2481"]
[Annotator "ChessBase"]
[PlyCount "78"]
[EventDate "2019.06.27"]
[EventType "swiss"]
[EventCountry "RUS"]
[SourceTitle "playchess.com"]
[Source "ChessBase"]
[SourceQuality "1"]
[TimeControl "40/5400+30:1800+30"]

1. Nf3 d5 2. g3 Nf6 3. Bg2 e6 4. c4 Be7 5. O-O O-O 6. b3 c5 7. Bb2 b6 8. Nc3 Bb7 9. cxd5 Nxd5 10. d4 Nd7 11. Qd3 N7f6 12. Rfd1 Rc8 13. Rac1 Nxc3 14. Bxc3 c4 15. bxc4 Ba3 16. Ra1 Be4 17. Qd2 Rxc4 18. Ne5 Rc7 19. f3 Nd5 20. fxe4 Nxc3 21. Re1 Bb2 22. e3 Bxa1 23. Rxa1 Qd6 24. Rf1 f6 25. Nd3 e5 26. d5 g6 27. g4 b5 28. Qe1 Nxa2 29. g5 Rc3 30. Nf2 fxg5 31. Qd2 Ra3 32. Bh3 Nc3 33. Be6+ Kg7 34. Qd3 b4 35. Qc4 Ra2 36. Qc6 Qxc6 37. dxc6 Rc2 38. Bd7 b3 39. Nd3 Ne2+ 0-1

[Event "72nd RUS-ch Higher League 2019"]
[Site "Yaroslavl"]
[Date "2019.07.06"]
[Round "9.24"]
[White "Bigaliev, Renat"]
[Black "Bimiev, Ahmad"]
[Result "1/2-1/2"]
[ECO "C89"]
[WhiteElo "2427"]
[BlackElo "2238"]
[Annotator "NA"]
[PlyCount "54"]
[EventDate "2019.06.27"]
[EventType "swiss"]
[EventCountry "RUS"]
[SourceTitle "playchess.com"]
[Source "ChessBase"]
[SourceQuality "1"]
[TimeControl "40/5400+30:1800+30"]

1. e4 e5 2. Nf3 Nc6 3. Bb5 a6 4. Ba4 Nf6 5. O-O Be7 6. Re1 b5 7. Bb3 O-O 8. c3 d5 9. exd5 Nxd5 10. Nxe5 Nxe5 11. Rxe5 c6 12. d4 Bd6 13. Re1 Qh4 14. g3 Qh3 15. Be3 Bg4 16. Qd3 Rae8 17. Nd2 Qh5 18. a4 Re6 19. axb5 axb5 20. Nf1 Bf5 21. Qe2 Bg4 22. Qd3 Bf5 23. Qd1 Bg4 24. Qd3 Bf5 25. Qd1 Bg4 26. Qd3 Bf5 27. Qd1 Bg4 1/2-1/2

[Event "72nd RUS-ch Higher League 2019"]
[Site "Yaroslavl"]
[Date "2019.07.06"]
[Round "9.25"]
[White "Belozerov, Andrei"]
[Black "Eraschenkov, Denis"]
[Result "0-1"]
[ECO "C42"]
[WhiteElo "2533"]
[BlackElo "2379"]
[Annotator "ChessBase"]
[PlyCount "194"]
[EventDate "2019.06.27"]
[EventType "swiss"]
[EventCountry "RUS"]
[SourceTitle "playchess.com"]
[Source "ChessBase"]
[SourceQuality "1"]
[TimeControl "40/5400+30:1800+30"]

1. e4 e5 2. Nf3 Nf6 3. Nxe5 d6 4. Nf3 Nxe4 5. Qe2 Qe7 6. d3 Nf6 7. Bg5 Nbd7 8. Nc3 Qxe2+ 9. Bxe2 c6 10. O-O-O Be7 11. Rde1 O-O 12. Bd1 Bd8 13. h3 d5 14. g4 Bc7 15. Nd4 Nc5 16. Nce2 Ne6 17. Be3 Nxd4 18. Nxd4 Bd7 19. g5 Ne8 20. Bg4 Rd8 21. Nb3 f5 22. Bf3 b6 23. h4 Bd6 24. Bd4 Nc7 25. Be5 Bxe5 26. Rxe5 Rde8 27. Rhe1 Rxe5 28. Rxe5 Re8 29. Rxe8+ Nxe8 30. Kd2 Kf7 31. Nd4 Ke7 32. b4 Kd6 33. c3 Ke5 34. Bd1 Kd6 35. f4 Nc7 36. Ba4 g6 37. Bb3 Ne6 38. Ne2 c5 39. bxc5+ bxc5 40. Ke3 Bb5 41. Bc2 a5 42. Bd1 Nc7 43. Bb3 Ne6 44. Bc2 Nc7 45. Bd1 Ne6 46. Bb3 c4 47. dxc4 dxc4 48. Bd1 Kc5 49. Ng1 Bc6 50. h5 Nc7 51. Kd2 Be4 52. hxg6 hxg6 53. Ba4 Nd5 54. Ne2 Bd3 55. Nd4 Nxf4 56. Be8 Be4 57. Bf7 Bd5 58. Be8 Kd6 59. Ne2 Nh3 60. Bxg6 Ke5 61. Nd4 f4 62. Be8 Nxg5 63. Bg6 Ne4+ 64. Bxe4 Kxe4 65. Ke2 Bf7 66. Nc6 Bh5+ 67. Kf2 a4 68. Nb4 Bg4 69. Nc6 Bd1 70. Nb4 a3 71. Ke1 Ba4 72. Ke2 f3+ 73. Kf2 Bb3 74. Ke1 Kf4 75. Kf2 Kg4 76. Nd5 Bxa2 77. Ne3+ Kf4 78. Nc2 Ke4 79. Nxa3 Bb3 80. Nb5 Bd1 81. Nc7 Kd3 82. Nd5 Be2 83. Ke1 Kc2 84. Kf2 Kd2 85. Kg3 Ke1 86. Ne3 Bd1 87. Ng4 Ke2 88. Nf2 Ke1 89. Ne4 Ke2 90. Nf2 Kd2 91. Kf4 Be2 92. Ne4+ Kd3 93. Nc5+ Kxc3 94. Ke3 Kb4 95. Ne4 c3 96. Kd4 c2 97. Nc3 Kb3 0-1